 Dungeon Crawl Stone Soup version 0.26-a0-610-g3e9335bbc7 (webtiles) character file.

Game seed: 4192580550895717271

4210 Peloso the Carver (level 10, -7/76 HPs)
             Began as a Demonspawn Fighter on Sept 3, 2020.
             Mangled by a sixfirhy (10 damage)
             ... summoned by an orc sorcerer
             ... in a bailey.
             The game lasted 00:24:06 (9783 turns).

Peloso the Carver (Demonspawn Fighter)              Turns: 9783, Time: 00:24:08

Health: -7/76      AC:  3    Str: 19    XL:     10   Next: 8%
Magic:  0/10       EV:  9    Int:  9    God:
Gold:   318        SH: 10    Dex: 14    Spells: 9/9 levels left

rFire    + . .     SeeInvis .   a - +1 long sword
rCold    . . .     Faith    .   f - +0 kite shield (curse)
rNeg     . . .     Spirit   +   x - +1 plate armour
rPois    .         Reflect  .   (no helmet)
rElec    .         Harm     .   H - +2 cloak
rCorr    .                      (no gloves)
MR       .....                  (boots unavailable)
Stlth    ..........             (no amulet)
HPRegen  0.22/turn              s - ring of protection from fire
MPRegen  0.24/turn              A - +4 ring of evasion

@: about to teleport, corroded, drained
A: talons 3, slimy green scales 2, demonic guardian 1, mutation resistance 1,
magic shield, magic regeneration
a: no special abilities


You were in a bailey.
You visited 2 branches of the dungeon, and saw 10 of its levels.
You also visited: Bailey.

You collected 417 gold pieces.
You spent 99 gold pieces at shops.

Inventory:

Hand Weapons
 a - a +1 long sword (weapon)
 b - a +2 hand axe of flaming
Missiles
 k - 47 bolts
Armour
 c - a +0 kite shield
 f - a cursed +0 kite shield (worn)
 t - a +0 scale mail of magic resistance
 x - a +1 plate armour (worn)
 C - a scarf of repulsion
 H - a +2 cloak (worn)
Jewellery
 s - a ring of protection from fire (left hand)
 A - a +4 ring of evasion (right hand)
 G - an uncursed ring of flight
Wands
 p - a wand of paralysis (2)
 F - a wand of disintegration (2)
Scrolls
 e - a scroll of identify
 j - a scroll of enchant armour
 o - a scroll of amnesia
 w - 2 scrolls of blinking
 y - 2 scrolls of teleportation
 z - 5 scrolls of remove curse
Potions
 i - 3 potions of stabbing
 l - 3 potions of mutation
 m - a potion of berserk rage
 n - 2 potions of curing
 q - 2 potions of magic
 r - a potion of invisibility
 u - a potion of flight
 B - a potion of heal wounds
 D - a potion of brilliance
 E - a potion of might


   Skills:
 + Level 6.0(4.9) Fighting
 + Level 8.1(7.0) Long Blades
 + Level 6.8(5.7) Armour
 + Level 3.3(2.3) Dodging
 + Level 2.4(1.4) Stealth
 + Level 6.4(5.3) Shields
 + Level 1.1(0.1) Evocations


You had 9 spell levels left.
You didn't know any spells.
Your spell library contained the following spells:

 Spells                   Type           Power        Failure   Level
 Corona                   Hex            #......      100%        1
 Shock                    Conj/Air       #...         100%        1
 Swiftness                Air            #.......     100%        2
 Static Discharge         Conj/Air       #.......     100%        3
 Airstrike                Air            #.........   100%        4
 Lightning Bolt           Conj/Air       #.........   100%        5


Dungeon Overview and Level Annotations

Branches:
Dungeon (9/15)             Temple (1/1) D:5          Bailey (1/1)
   Lair: D:8-11         Orc: D:9-12

Altars:
Ashenzari
Elyvilon
Gozag
Hepliaklqana
Kikubaaqudgha
Makhleb
Nemelex Xobeh
Qazlal
Ru
Sif Muna
Trog
Uskayaw
Vehumet
Wu Jian
Xom
Yredelemnul
The Shining One

Shops:
D:4 :([[   D:5 ?

Annotations:
D:7 1 runed translucent door, win2k's ghost, novice MfTm
D:8 Harold


Innate Abilities, Weirdness & Mutations

You have claws for feet.
You are mostly covered in slimy green scales. (AC +3)
A weak demonic guardian rushes to your aid.
When hurt, damage is shared between your health and your magic reserves.
You regenerate magic rapidly.
You are somewhat resistant to further mutation.


Message History

The hellwing swoops through the air toward you!
The hellwing hits you. The hellwing closely misses you.
You block the goblin's attack. You block the hellwing's attack.
The hellwing misses you.
Unknown command.
The orc sorcerer mumbles some strange words.
The goblin hits you with a +0 hand axe.
As you read the scroll of teleportation, it crumbles to dust.
You feel strangely unstable.
The sun demon disappears in a puff of smoke!
You block the sixfirhy's attack. The sixfirhy hits you!
* * * LOW HITPOINT WARNING * * *
The sixfirhy shocks you!
* * * LOW HITPOINT WARNING * * *
The goblin hits you with a +0 hand axe.
* * * LOW HITPOINT WARNING * * *
The sixfirhy hits you!
* * * LOW HITPOINT WARNING * * *
The sixfirhy shocks you!
You die...

#≈≈≈≈≈# #≈≈≈≈≈### #≈≈≈≈≈≈.#
######.≈≈≈≈≈.#
#......≈≈≈≈≈.#++####
###......≈≈≈≈≈.#.....#
#..............'.....##....#
#∩..∩..........'.4⌠..##.o_.#
#.....)........'@§...##.o..# ##
###...)..≈≈≈≈≈.#3g...##.4..#..#
#......≈≈≈≈≈.#o'#####.o.o#..#
######.≈≈≈≈≈.#o.o...#g...#..#
#≈≈≈≈≈≈.#..o.5o#....#
#≈≈≈≈≈######...3ooo# #≈≈≈≈≈#
#.8.8.8.+ #≈≈≈≈≈# #.......#
#≈≈≈≈≈# #######+#


You could see a hellwing (summoned), a sixfirhy (summoned), 2 orc sorcerers, 2
orcs and a goblin.

Vanquished Creatures
  Maurice (D:8)
  A hippogriff (D:8)
  A wyvern (D:8)
  Menkaure (D:7)
  Edmund (D:4)
  Duvessa (D:6)
  2 orc warriors
  A water moccasin (D:8)
  An ice beast (D:9)
  A necrophage (D:8)
  2 phantoms
  2 ogres
  2 centaurs (D:8)
  A big kobold (D:8)
  A water moccasin skeleton (D:6)
  16 killer bees
  An electric eel (Bailey)
  A howler monkey (D:9)
  A centaur zombie (D:5)
  2 hounds
  3 orc priests
  5 orc wizards
  A gnoll shaman (D:9)
  An iguana (D:4)
  6 worker ants
  A howler monkey zombie (D:6)
  15 gnolls
  8 adders
  A shadow imp (D:5)
  A white imp (D:8)
  An ufetubus (D:7)
  An ooze (D:3)
  An adder zombie (D:8)
  An adder skeleton (D:5)
  4 worms
  2 dart slugs
  6 leopard geckos
  18 orcs
  2 ball pythons
  8 giant cockroaches
  10 goblins
  8 hobgoblins
  11 jackals
  4 quokkas
  4 bats
  4 frilled lizards
  A jackal skeleton (D:7)
  13 kobolds
  A quokka zombie (D:8)
  8 rats
190 creatures vanquished.

Vanquished Creatures (collateral kills)
  A yak (D:5)
  An ice beast (D:7)
  3 ogres
  A centaur (D:7)
  Dowan (D:6)
  A scorpion (D:8)
  2 killer bees
  2 howler monkeys (D:4)
  An orc wizard (D:7)
  A howler monkey zombie (D:7)
  An adder zombie (D:8)
  5 orcs
  A giant cockroach (D:7)
  A kobold (D:8)
22 creatures vanquished.

Vanquished Creatures (others)
  A bush (D:8)
  2 plants
3 creatures vanquished.

Grand Total: 215 creatures vanquished

Notes
Turn   | Place    | Note
-------+----------+-------------------------------------------
     0 | D:1      | Peloso the Demonspawn Fighter began the quest for the Orb.
     0 | D:1      | Reached XP level 1. HP: 18/18 MP: 1/1
   492 | D:1      | Gained mutation: You have sharp toenails. [demonic
                  | ancestry]
   492 | D:1      | Reached XP level 2. HP: 21/24 MP: 2/2
   626 | D:1      | Reached skill level 1 in Stealth
  1000 | D:1      | Gained mutation: You have razor-sharp toenails. [potion of
                  | mutation]
  1000 | D:1      | Gained mutation: You are occasionally teleported next to
                  | monsters. [potion of mutation]
  1000 | D:1      | Lost mutation: You are occasionally teleported next to
                  | monsters. [potion of mutation]
  1000 | D:1      | Gained mutation: You are somewhat resistant to further
                  | mutation. [potion of mutation]
  1067 | D:2      | Mutation became permanent: You have sharp toenails.
                  | [demonic ancestry]
  1067 | D:2      | Gained mutation: You have razor-sharp toenails. [demonic
                  | ancestry]
  1067 | D:2      | Reached XP level 3. HP: 29/29 MP: 3/3
  1295 | D:2      | Found a faded altar of an unknown god.
  1343 | D:2      | Reached skill level 2 in Long Blades
  1793 | D:3      | Gained mutation: When hurt, damage is shared between your
                  | health and your magic reserves. [demonic ancestry]
  1793 | D:3      | Reached XP level 4. HP: 35/35 MP: 4/4
  1929 | D:3      | Found an ancient bone altar of Kikubaaqudgha.
  2079 | D:3      | Reached skill level 3 in Long Blades
  2101 | D:3      | Gained mutation: A weak demonic guardian rushes to your
                  | aid. [demonic ancestry]
  2101 | D:3      | Reached XP level 5. HP: 31/41 MP: 2/5
  2864 | D:3      | Found a radiant altar of Vehumet.
  2868 | D:3      | Found a shimmering blue altar of Sif Muna.
  2874 | D:3      | Identified Sif Muna's Incunabulum of Superiority
  3129 | D:4      | Noticed a phantom
  3152 | D:4      | Killed a phantom
  3243 | D:4      | Gained mutation: You have claws for feet. [demonic
                  | ancestry]
  3243 | D:4      | Reached XP level 6. HP: 47/47 MP: 6/6
  3259 | D:4      | Found Xeahekh's Book Shoppe.
  3276 | D:4      | Reached skill level 4 in Long Blades
  3293 | D:4      | Found Lacenoqy's Armour Shoppe.
  3474 | D:4      | Found Kestuno's Antique Weapon Shoppe.
  3504 | D:4      | Found Voil's Antique Armour Shop.
  3639 | D:4      | Noticed Edmund
  3647 | D:4      | Killed Edmund
  4010 | D:5      | Entered Level 5 of the Dungeon
  4031 | D:5      | Gained mutation: You regenerate magic rapidly. [demonic
                  | ancestry]
  4031 | D:5      | Reached XP level 7. HP: 43/54 MP: 7/7
  4141 | D:5      | Found Lerheghi's Magic Scroll Shoppe.
  4193 | D:5      | Bought a scroll of identify for 22 gold pieces
  4193 | D:5      | Bought a scroll of teleportation for 33 gold pieces
  4193 | D:5      | Bought a scroll of remove curse for 33 gold pieces
  4193 | D:5      | Bought a scroll of random uselessness for 11 gold pieces
  4303 | D:5      | Noticed a yak
  4316 | D:5      | Killed a yak
  4316 | D:5      | Reached skill level 1 in Dodging
  4440 | D:5      | Reached skill level 5 in Long Blades
  4469 | D:5      | Found a burning altar of Makhleb.
  4530 | D:5      | Found an opulent altar of Gozag.
  4535 | D:5      | Found a staircase to the Ecumenical Temple.
  4570 | Temple   | Entered the Ecumenical Temple
  5209 | D:6      | Found a shattered altar of Ashenzari.
  5328 | D:6      | Found an ornate altar of the Wu Jian Council.
  5335 | D:6      | Noticed Dowan
  5336 | D:6      | Noticed Duvessa
  5351 | D:6      | Killed Duvessa
  5353 | D:6      | Killed Dowan
  5980 | D:7      | Gained mutation: You are partially covered in slimy green
                  | scales. (AC +2) [demonic ancestry]
  5980 | D:7      | Reached XP level 8. HP: 52/61 MP: 8/8
  6017 | D:7      | Reached skill level 5 in Armour
  6045 | D:7      | Found a runed translucent door.
  6046 | D:7      | Found a shimmering altar of Xom.
  6046 | D:7      | Noticed win2k's ghost (novice MfTm)
  6046 | D:7      | Noticed a +0 scimitar of chaos
  6073 | D:7      | Noticed Menkaure
  6082 | D:7      | Killed Menkaure
  6118 | D:7      | Reached skill level 6 in Long Blades
  6288 | D:7      | Found a basalt altar of Yredelemnul.
  6964 | D:7      | Reached skill level 5 in Fighting
  7341 | D:8      | Noticed a hippogriff
  7351 | D:8      | Killed a hippogriff
  7351 | D:8      | Reached XP level 9. HP: 50/68 MP: 6/9
  7489 | D:8      | Reached skill level 7 in Long Blades
  7739 | D:8      | Reached skill level 5 in Shields
  7751 | D:8      | Noticed Maurice
  8159 | D:8      | Paralysed by something for 3 turns
  8164 | D:8      | Killed Maurice
  8865 | D:8      | Reached skill level 1 in Evocations
  9055 | D:8      | Reached skill level 8 in Long Blades
  9234 | D:8      | Noticed Harold
  9246 | D:8      | Gained mutation: You are mostly covered in slimy green
                  | scales. (AC +3) [demonic ancestry]
  9246 | D:8      | Reached XP level 10. HP: 66/76 MP: 10/10
  9670 | D:9      | Found a flagged portal.
  9680 | Bailey   | Entered a bailey
  9758 | Bailey   | Found an iron altar of Okawaru.
  9758 | Bailey   | Noticed an orc sorcerer
  9758 | Bailey   | Noticed an orc sorcerer
  9761 | Bailey   | Noticed a rust devil
  9768 | Bailey   | Noticed a sun demon
  9783 | Bailey   | Noticed a sixfirhy
  9783 | Bailey   | HP: 3/76 [sixfirhy[an orc sorcerer] (7)]
  9783 | Bailey   | Mangled by a sixfirhy

Illustrated notes

Levels and vault maps discovered:
D:1:      dpeg_arrival_arbitrary_a, layout_basic
D:2:      layout_loops_cross, chequers_ecumenical_altar_grove,
          chequers_serial_rivers_room_b
D:3:      layout_basic, grunt_temple_overflow_magic_moments
D:4:      layout_basic, serial_shops, kennysheep_little_box, shop, shop_statue,
          nicolae_shop_overgrown_old_shop, hangedman_feature_mirror,
          hangedman_decor_clover_reticule, uniq_edmund
D:5:      minmay_angry_zag, layout_basic, nicolae_overflow_hidden_temple,
          minmay_temple_entry_statues_fountains, serial_shops, shop_coins
D:6:      layout_basic, lemuel_doored_altar, minitemple, lemuel_round_altar,
          uniq_duvessa
D:7:      layout_basic, ebering_ghost_xom, yredelemnul_altar_generic,
          uniq_menkaure
D:8:      layout_basic, fedhas_bush_and_centaur_altar, uniq_harold,
          uniq_prince_ribbit1, uniq_maurice
D:9:      layout_rooms, kennysheep_mini, serial_aquarium, aquarium_bridge_square
          [aquarium_subvault_window, aquarium_subvault_wall,
          aquarium_subvault_window, aquarium_subvault_bridge],
          aquarium_window_3, aquarium_window_1, aquarium_view_2a,
          aquarium_pool_S, enter_bailey_3
Temple:   jpeg_temple_island
Bailey:   bailey_axe_of_yendor_kennysheep, bailey

Skill      XL: |  1  2  3  4  5  6  7  8  9 10 |
---------------+-------------------------------+-----
Armour         | 3 4 6 |  6.8
Stealth        | 1 2 |  2.4
Shields        | 3 4 6 |  6.4
Long Blades    | 2 3 4 5 6 8 |  8.1
Fighting       | 4 5 6 |  6.0
Dodging        | 1 2 3 |  3.3
Evocations     | 1 |  1.1

Action                   |  1- 3 |  4- 6 |  7- 9 | 10-12 || total
-------------------------+-------+-------+-------+-------++-------
Melee: Long sword        |    90 |   132 |   390 |    58 ||   670
       Kick              |    11 |    55 |   138 |    27 ||   231
Evoke: Wand              |       |       |     7 |     5 ||    12
  Use: Potion            |     3 |       |     3 |       ||     6
       Scroll            |       |       |     6 |    11 ||    17
 Stab: Distracted        |       |       |     3 |       ||     3
       Paralysed         |       |       |     2 |       ||     2
Armor: Scale mail        |    46 |    61 |   137 |       ||   244
       Plate armour      |       |       |     3 |    20 ||    23
Dodge: Dodged            |    34 |    45 |   206 |    21 ||   306
       Repelled          |       |       |     2 |       ||     2
Block: Kite shield       |    45 |    65 |   213 |    28 ||   351
       Rpst.: Long sword |    13 |    14 |    53 |     6 ||    86

Table legend: (Time is in decaauts)
 A = Elapsed time spent in this place.
 B = Non-inter-level travel time spent in this place.
 C = Inter-level travel time spent in this place.
 D = Time resting spent in this place.
 E = Time spent auto-exploring this place.
 F = Levels seen in this place.
 G = Mean time per level.
                   A        B        C        D        E       F      G
               +--------+--------+--------+--------+--------+-----+--------+
         Total |   9953 |   9791 |    162 |   1364 |   6067 |  11 |  904.8 |
       Dungeon |   9585 |   9423 |    162 |   1364 |   5864 |   9 | 1065.0 |
        Temple |    264 |    264 |      0 |      0 |    203 |   1 |  264.0 |
        Bailey |    104 |    104 |      0 |      0 |      0 |   1 |  104.0 |
               +--------+--------+--------+--------+--------+-----+--------+

Top non-repeatable levels by time:
     D:7: 1725 daAuts
     D:8: 1721 daAuts
     D:5: 1268 daAuts
     D:3: 1219 daAuts
     D:1: 1042 daAuts
     D:4: 937 daAuts
     D:2: 867 daAuts
     D:6: 449 daAuts
     D:9: 354 daAuts
  Temple: 264 daAuts
  Bailey: 104 daAuts
